Red Wings vs Sabres

Created - March 27, 2018 at 19:00

Goals
1 2 3 T
Red Wings 3 2 2 7
Sabres 0 4 0 4
Shots
1 2 3 T
Red Wings 12 13 16 41
Sabres 13 15 3 31

1st period

1. Red Wings , Adam Henrique 24 (Brent Seabrook 41, Tuukka Rask) at 12:03
2. Red Wings , Nate Thompson 7 (Ales Hemsky 12, Oleg Saprykin 12) at 13:31
3. Red Wings , Tyler Johnson 27 (Rick Nash 44) at 17:09

Penalties :
No Penalty

2nd period

4. Red Wings , Rick Nash 43 (Tyler Johnson 35) at 1:30
5. Sabres , Brandon Sutter 12 (Michael Kostka 24, Darcy Hordichuk 9) at 7:18
6. Red Wings , Sean Bergenheim 26 (Tyler Johnson 36, Rick Nash 45) at 10:31
7. Sabres , Darcy Hordichuk 10 (Jared Cowen 25, Brandon Sutter 10) at 14:17
8. Sabres , Zack Kassian 22 (Rob Scuderi 23) at 18:18
9. Sabres , Zack Kassian 23 (Jared Cowen 26, Ilya Kovalchuk 43) at 18:26

Penalties :
Zack Kassian (Buf) for Tripping (Minor) at 10:34

3rd period

10. Red Wings , Mike Richards 28 (Jiri Fischer 13) at 4:25
11. Red Wings , Rick Nash 44 (Sean Bergenheim 33) at 8:51

Penalties :
Evander Kane (Buf) for Holding (Minor) at 0:45, Mike Richards (Det) for Hooking (Minor) at 11:16, Matt Martin (Buf) for Holding (Minor) at 13:53, Scottie Upshall (Buf) for Roughing (Minor) at 18:25

Goalie Stats

Tuukka Rask (Det), 27 saves from 31 shots - (0.871), W, 30-21-2, 60:00 minutes
Jonas Hiller (Buf), 14 saves from 16 shots - (0.875), 29:29 minutes
Robin Lehner (Buf), 20 saves from 25 shots - (0.800), L, 35-15-3, 30:31 minutes

Players Stats for Red Wings

Player Name              G  A  P  +/- PIM S  H  SB GA TA FO     MP     PP MP  PK MP  
------------------------------------------------------------------------------------
Adam Henrique            1  0  1  -2  0   5  2  0  0  1  0/0    20:14   3:22   0:00 
Ales Hemsky              0  1  1   0  0   0  0  0  0  0  0/0     7:05   0:48   0:00 
Alex Picard              0  0  0   0  0   4  1  0  1  0  0/0    10:53   0:39   0:05 
Brent Seabrook           0  1  1   2  0   0  0  1  0  1  0/0    22:00   3:19   0:52 
Chris Kelly              0  0  0   0  0   2  0  0  0  0  6/11   10:55   0:53   0:00 
Filip Kuba               0  0  0   1  0   1  2  1  0  0  0/0    17:28   1:38   0:52 
Jiri Fischer             0  1  1   2  0   0  2  2  0  1  0/0    21:42   2:10   1:07 
Mike Richards            1  0  1  -2  2   1  2  0  0  0  14/35  20:54   3:52   0:00 
Nate Thompson            1  0  1   0  0   3  1  0  0  0  3/4     6:34   0:00   0:00 
Nino Niederreiter        0  0  0   0  0   1  3  0  0  0  1/1    12:06   0:50   0:56 
Oleg Saprykin            0  1  1   0  0   0  0  0  2  1  0/1     7:32   0:00   0:58 
Ole-Kristian Tollefsen   0  0  0   0  0   4  0  1  1  3  0/0    23:27   4:48   1:07 
Phil Kessel              0  0  0  -2  0   8  1  0  1  0  0/1    20:18   3:26   0:00 
Philip Samuelsson        0  0  0   0  0   0  0  1  0  0  0/0    20:25   3:07   0:00 
Rick Nash                2  2  4   5  0   6  2  0  0  1  0/1    21:02   3:11   0:56 
Sean Bergenheim          1  1  2   5  0   2  1  0  0  1  0/0    20:17   3:11   0:05 
Theo Peckham             0  0  0   1  0   1  1  3  0  0  0/0    14:58   0:00   0:00 
Tyler Johnson            1  2  3   5  0   3  1  1  1  0  3/16   20:10   2:21   0:58 

Players Stats for Sabres

Player Name              G  A  P  +/- PIM S  H  SB GA TA FO     MP     PP MP  PK MP  
------------------------------------------------------------------------------------
Andrei Loktionov         0  0  0  -3  0   1  2  1  0  0  12/16  17:26   0:58   0:00 
Brad Richardson          0  0  0   1  0   2  0  0  0  0  0/0     8:19   0:00   0:00 
Brandon Sutter           1  1  2   1  0   4  0  0  0  0  6/12   12:34   0:00   4:15 
Darcy Hordichuk          1  1  2   1  0   1  3  0  1  0  0/1    11:39   0:00   2:21 
Evander Kane             0  0  0  -3  2   1  0  1  0  0  1/2    18:44   1:01   0:32 
Ilya Kovalchuk           0  1  1   0  0   4  2  0  1  0  1/2    19:50   0:58   4:04 
Jakub Kindl              0  0  0  -4  0   0  0  1  0  0  0/0    10:21   0:00   0:46 
Jared Cowen              0  2  2   3  0   1  0  3  0  0  0/0    24:05   0:56   3:01 
Jordan Leopold           0  0  0  -4  0   0  0  0  0  1  0/0     9:53   0:00   0:31 
Kyle Okposo              0  0  0  -3  0   1  4  0  0  0  0/0    17:34   1:01   0:00 
Matt Martin              0  0  0  -1  2   2  2  0  0  1  0/1    12:22   0:00   1:13 
Michael Kostka           0  1  1   3  0   1  1  0  2  1  0/0    24:53   1:03   4:30 
Rob Scuderi              0  1  1  -2  0   0  1  0  1  2  0/0    25:15   0:56   2:44 
Ryan O'Reilly            0  0  0  -1  0   2  1  0  1  0  1/4    11:58   1:01   0:47 
Scottie Upshall          0  0  0  -1  2   3  0  1  0  0  0/0    10:10   0:00   0:00 
Vincent Lecavalier       0  0  0   0  0   3  4  0  0  0  21/30  16:24   0:00   1:50 
Zach Bogosian            0  0  0  -2  0   3  0  0  3  0  0/0    25:33   1:03   3:30 
Zack Kassian             2  0  2   0  2   2  0  1  0  1  1/2    15:25   0:58   0:00 

3 Stars

1 - Rick Nash (Det)
2 - Tyler Johnson (Det)
3 - Sean Bergenheim (Det)

Power Play

Red Wings - 0 on 4 Attempt(s) - 0.00%
Sabres - 0 on 1 Attempt(s) - 0.00%

Penalty Kill

Red Wings - 1 on 1 Attempt(s) - 100.00% - Score 0 goal in Penalty Kill
Sabres - 4 on 4 Attempt(s) - 100.00% - Score 0 goal in Penalty Kill

Team Stat

Red Wings - Hits : 19 - Faceoff Wins : 27 - Blocked Shots : 10 - Penalty Minutes : 2
Sabres - Hits : 20 - Faceoff Wins : 43 - Blocked Shots : 8 - Penalty Minutes : 8

Official

Referees : Leggo Mike and Hasenfratz Mike
Linesman : Steve Barton and Ryan Galloway

Game Notes

Jonas Hiller enters game at 10:31 of 2nd period

Finance

Level 1 -- Attendance: 6000 (100.00%) -- Ticket Income $528,000
Level 2 -- Attendance: 5000 (100.00%) -- Ticket Income $270,000
Level 3 -- Attendance: 1936 (96.80%) -- Ticket Income $67,760
Level 4 -- Attendance: 4000 (100.00%) -- Ticket Income $108,000
Luxury Box -- Attendance: 935 (93.50%) -- Ticket Income $151,470
Game was played at the Duff Garden.
Total Attendance: 17871 (99.28%)
Total Ticket Income: $1,125,230
Other Income: $168,784
Total Income: $1,294,014

Red Wings

5 vs 5 Forward 
   Center                   Left Wing                Right Wing               Time % Phy DF OF 
 1 Mike Richards            Adam Henrique            Phil Kessel              36     0   2  3  
 2 Tyler Johnson            Sean Bergenheim          Rick Nash                36     0   2  3  
 3 Chris Kelly              Alex Picard              Nino Niederreiter        20     0   3  2  
 4 Nate Thompson            Oleg Saprykin            Ales Hemsky              8      1   2  2  

5 vs 5 Defense 
   Defense                  Defense                                           Time % Phy DF OF 
 1 Brent Seabrook           Jiri Fischer                                      35     0   3  2  
 2 Philip Samuelsson        Ole-Kristian Tollefsen                            35     0   3  2  
 3 Filip Kuba               Theo Peckham                                      20     0   3  2  
 4 Filip Kuba               Theo Peckham                                      10     0   3  2  

PowerPlay Forward 
   Center                   Left Wing                Right Wing               Time % Phy DF OF 
 1 Mike Richards            Sean Bergenheim          Rick Nash                60     0   1  4  
 2 Tyler Johnson            Adam Henrique            Phil Kessel              40     0   1  4  

PowerPlay Defense
   Defense                  Defense                                           Time % Phy DF OF 
 1 Ole-Kristian Tollefsen   Brent Seabrook                                    60     0   2  3  
 2 Jiri Fischer             Philip Samuelsson                                 40     0   2  3  

Penalty Kill 4 Players Forward 
   Center                   Wing                     Time % Phy DF OF 
 1 Tyler Johnson            Oleg Saprykin            50     1   2  2  
 2 Rick Nash                Nino Niederreiter        50     1   2  2  

Penalty Kill 4 Players Defense
   Defense                  Defense                  Time % Phy DF OF 
 1 Brent Seabrook           Filip Kuba               50     1   2  2  
 2 Jiri Fischer             Ole-Kristian Tollefsen   50     1   2  2  

Penalty Kill - 3 Players Forward 
   Forward                                           Time % Phy DF OF 
 1 Nino Niederreiter                                 60     1   2  2  
 2 Tyler Johnson                                     40     1   2  2  

Penalty Kill - 3 Players Defense
   Defense                  Defense                  Time % Phy DF OF 
 1 Filip Kuba               Brent Seabrook           50     1   2  2  
 2 Jiri Fischer             Ole-Kristian Tollefsen   50     1   2  2  

4 vs 4 Forward 
   Center                   Wing                     Time % Phy DF OF 
 1 Mike Richards            Rick Nash                60     1   2  2  
 2 Tyler Johnson            Phil Kessel              40     1   2  2  

4 vs 4 Defense
   Defense                  Defense                  Time % Phy DF OF 
 1 Brent Seabrook           Jiri Fischer             60     1   2  2  
 2 Ole-Kristian Tollefsen   Philip Samuelsson        40     1   2  2  

Last Minutes Offensive
   Center                   Left Wing                Right Wing               Defense                  Defense                  
   Mike Richards            Rick Nash                Phil Kessel              Brent Seabrook           Ole-Kristian Tollefsen   

Last Minutes Defensive
   Center                   Left Wing                Right Wing               Defense                  Defense                  
   Tyler Johnson            Sean Bergenheim          Rick Nash                Jiri Fischer             Filip Kuba               

Goaltenders
Starting : Tuukka Rask              
Backup : Ilya Bryzgalov           

Extra Forwards
Normal : Rick Nash, Tyler Johnson, Nino Niederreiter - PP : Nino Niederreiter, Chris Kelly - PK : Sean Bergenheim
Extra Defensemen
Normal : Brent Seabrook, Ole-Kristian Tollefsen, Philip Samuelsson - PP : Filip Kuba - PK : Philip Samuelsson, Theo Peckham
Penalty Shots
Rick Nash, Mike Richards, Phil Kessel, Brent Seabrook, Sean Bergenheim

Scratches
Brendan Bell (Healthy)

Sabres

5 vs 5 Forward 
   Center                   Left Wing                Right Wing               Time % Phy DF OF 
 1 Andrei Loktionov         Evander Kane             Kyle Okposo              37     0   2  3  
 2 Vincent Lecavalier       Ilya Kovalchuk           Zack Kassian             32     0   2  3  
 3 Ryan O'Reilly            Matt Martin              Scottie Upshall          21     0   2  3  
 4 Brandon Sutter           Darcy Hordichuk          Brad Richardson          10     0   4  1  

5 vs 5 Defense 
   Defense                  Defense                                           Time % Phy DF OF 
 1 Zach Bogosian            Rob Scuderi                                       44     0   2  3  
 2 Jared Cowen              Michael Kostka                                    40     0   4  1  
 3 Jakub Kindl              Jordan Leopold                                    16     0   4  1  
 4 Michael Kostka           Jared Cowen                                       0      0   3  2  

PowerPlay Forward 
   Center                   Left Wing                Right Wing               Time % Phy DF OF 
 1 Andrei Loktionov         Ilya Kovalchuk           Zack Kassian             55     0   0  5  
 2 Ryan O'Reilly            Evander Kane             Kyle Okposo              45     0   0  5  

PowerPlay Defense
   Defense                  Defense                                           Time % Phy DF OF 
 1 Zach Bogosian            Michael Kostka                                    55     1   1  3  
 2 Jared Cowen              Rob Scuderi                                       45     1   1  3  

Penalty Kill 4 Players Forward 
   Center                   Wing                     Time % Phy DF OF 
 1 Brandon Sutter           Ilya Kovalchuk           60     0   5  0  
 2 Vincent Lecavalier       Darcy Hordichuk          40     0   4  1  

Penalty Kill 4 Players Defense
   Defense                  Defense                  Time % Phy DF OF 
 1 Zach Bogosian            Michael Kostka           60     0   5  0  
 2 Jared Cowen              Rob Scuderi              40     0   4  1  

Penalty Kill - 3 Players Forward 
   Forward                                           Time % Phy DF OF 
 1 Brandon Sutter                                    60     0   5  0  
 2 Darcy Hordichuk                                   40     0   5  0  

Penalty Kill - 3 Players Defense
   Defense                  Defense                  Time % Phy DF OF 
 1 Michael Kostka           Jared Cowen              60     0   5  0  
 2 Zach Bogosian            Rob Scuderi              40     0   5  0  

4 vs 4 Forward 
   Center                   Wing                     Time % Phy DF OF 
 1 Ryan O'Reilly            Ilya Kovalchuk           60     1   2  2  
 2 Vincent Lecavalier       Zack Kassian             40     1   2  2  

4 vs 4 Defense
   Defense                  Defense                  Time % Phy DF OF 
 1 Zach Bogosian            Jakub Kindl              60     1   2  2  
 2 Michael Kostka           Jared Cowen              40     1   2  2  

Last Minutes Offensive
   Center                   Left Wing                Right Wing               Defense                  Defense                  
   Vincent Lecavalier       Ilya Kovalchuk           Kyle Okposo              Zach Bogosian            Michael Kostka           

Last Minutes Defensive
   Center                   Left Wing                Right Wing               Defense                  Defense                  
   Brandon Sutter           Ilya Kovalchuk           Zack Kassian             Zach Bogosian            Jared Cowen              

Goaltenders
Starting : Robin Lehner             
Backup : Jonas Hiller             

Extra Forwards
Normal : Ilya Kovalchuk, Kyle Okposo, Vincent Lecavalier - PP : Kyle Okposo, Vincent Lecavalier - PK : Matt Martin
Extra Defensemen
Normal : Zach Bogosian, Rob Scuderi, Jared Cowen - PP : Jakub Kindl - PK : Rob Scuderi, Michael Kostka
Penalty Shots
Ilya Kovalchuk, Vincent Lecavalier, Evander Kane, Darcy Hordichuk, Scottie Upshall

Scratches
Wade Redden (Healthy)

% Time on Ice - Red Wings

Lines # - Real PCT - Wanted PCT - Time Play
Normal Forward
1 - 34% - 36% - 17:03
2 - 33% - 36% - 16:51
3 - 20% - 20% - 10:02
4 - 13% - 8% - 6:34
Normal Defense
1 - 35% - 35% - 17:49
2 - 35% - 35% - 17:43
3 - 20% - 20% - 10:16
4 - 9% - 10% - 4:42
PP Forward
1 - 51% - 60% - 3:52
2 - 49% - 40% - 3:39
PP Defense
1 - 67% - 60% - 5:00
2 - 33% - 40% - 2:31
PK Forward
1 - 53% - 50% - 1:03
2 - 47% - 50% - 0:56
PK Defense
1 - 44% - 50% - 0:52
2 - 56% - 50% - 1:07
PK3 Forward
1 - 0% - 60%
2 - 0% - 40%
PK3 Defense
1 - 0% - 50%
2 - 0% - 50%
44 Forward
1 - 0% - 60%
2 - 0% - 40%
44 Defense
1 - 0% - 60%
2 - 0% - 40%
Last Minute Offensive  - 0:00
Last Minute Defensive  - 0:00
Total
Forward - 60:00
Defense - 60:00

% Time on Ice - Sabres

Lines # - Real PCT - Wanted PCT - Time Play
Normal Forward
1 - 35% - 37% - 17:30
2 - 29% - 32% - 14:30
3 - 20% - 21% - 10:11
4 - 16% - 10% - 8:19
Normal Defense
1 - 41% - 44% - 20:29
2 - 39% - 40% - 19:52
3 - 19% - 16% - 9:22
4 - 2% - 0% - 0:47
PP Forward
1 - 49% - 55% - 0:58
2 - 51% - 45% - 1:01
PP Defense
1 - 53% - 55% - 1:03
2 - 47% - 45% - 0:56
PK Forward
1 - 76% - 60% - 5:41
2 - 24% - 40% - 1:50
PK Defense
1 - 60% - 60% - 4:30
2 - 40% - 40% - 3:01
PK3 Forward
1 - 0% - 60%
2 - 0% - 40%
PK3 Defense
1 - 0% - 60%
2 - 0% - 40%
44 Forward
1 - 0% - 60%
2 - 0% - 40%
44 Defense
1 - 0% - 60%
2 - 0% - 40%
Last Minute Offensive  - 0:00
Last Minute Defensive  - 0:00
Total
Forward - 60:00
Defense - 60:00

Play by Play

1st period


0:01 of 1st period - Evander Kane wins face-off versus Mike Richards in neutral zone.
1:27 of 1st period - Snap shot by Ryan O'Reilly.
1:27 of 1st period - Stopped by Tuukka Rask with a rebound.
1:31 of 1st period - Snap shot by Scottie Upshall.
1:31 of 1st period - Stopped by Tuukka Rask with a rebound.
1:33 of 1st period - Slapshot by Scottie Upshall.
1:33 of 1st period - Stopped by Tuukka Rask without a rebound.
1:34 of 1st period - Vincent Lecavalier wins face-off versus Chris Kelly in Red Wings zone.
1:59 of 1st period - Phil Kessel is hit by Kyle Okposo.
2:38 of 1st period - Icing by Jared Cowen.
2:39 of 1st period - Chris Kelly wins face-off versus Darcy Hordichuk in Sabres zone.
2:45 of 1st period - Icing by Jared Cowen.
2:46 of 1st period - Brandon Sutter wins face-off versus Mike Richards in Sabres zone.
3:12 of 1st period - Slapshot by Ilya Kovalchuk.
3:12 of 1st period - Stopped by Tuukka Rask without a rebound.
3:13 of 1st period - Vincent Lecavalier wins face-off versus Chris Kelly in Red Wings zone.
3:14 of 1st period - Wrist shot by Ilya Kovalchuk.
3:14 of 1st period - Shot Misses the Net.
3:38 of 1st period - Evander Kane is hit by Jiri Fischer and loses puck.
4:09 of 1st period - Snap shot by Sean Bergenheim.
4:09 of 1st period - Shot Misses the Net.
4:11 of 1st period - Backhand shot by Rick Nash.
4:11 of 1st period - Deflect By Sean Bergenheim.
4:11 of 1st period - Shot Misses the Net.
4:11 of 1st period - Puck is out of play.
4:12 of 1st period - Chris Kelly wins face-off versus Andrei Loktionov in Sabres zone.
5:02 of 1st period - Jared Cowen is hit by Theo Peckham and loses puck.
5:39 of 1st period - Icing by Theo Peckham.
5:40 of 1st period - Andrei Loktionov wins face-off versus Chris Kelly in Red Wings zone.
5:57 of 1st period - Wrist shot by Andrei Loktionov.
5:57 of 1st period - Stopped by Tuukka Rask with a rebound.
6:07 of 1st period - Wrist shot by Chris Kelly.
6:07 of 1st period - Shot Misses the Net.
6:09 of 1st period - Slapshot by Chris Kelly.
6:09 of 1st period - Stopped by Robin Lehner with a rebound.
6:23 of 1st period - Snap shot by Chris Kelly.
6:23 of 1st period - Shot Blocked by Jakub Kindl.
6:25 of 1st period - Snap shot by Chris Kelly.
6:25 of 1st period - Stopped by Robin Lehner without a rebound.
6:26 of 1st period - Tyler Johnson wins face-off versus Vincent Lecavalier in Sabres zone.
7:19 of 1st period - Snap shot by Brad Richardson.
7:19 of 1st period - Shot Misses the Net.
7:21 of 1st period - Slapshot by Darcy Hordichuk.
7:21 of 1st period - Deflect By Brad Richardson.
7:21 of 1st period - Shot Misses the Net.
7:21 of 1st period - Puck is out of play.
7:22 of 1st period - Tyler Johnson wins face-off versus Brandon Sutter in Red Wings zone.
7:30 of 1st period - Icing by Jared Cowen.
7:31 of 1st period - Brandon Sutter wins face-off versus Tyler Johnson in Sabres zone.
7:31 of 1st period - Brandon Sutter is hit by Tyler Johnson.
7:49 of 1st period - Brad Richardson is hit by Sean Bergenheim and loses puck.
8:00 of 1st period - Snap shot by Brad Richardson.
8:00 of 1st period - Stopped by Tuukka Rask with a rebound.
8:02 of 1st period - Snap shot by Michael Kostka.
8:02 of 1st period - Shot Misses the Net.
8:04 of 1st period - Snap shot by Brad Richardson.
8:04 of 1st period - Stopped by Tuukka Rask with a rebound.
8:06 of 1st period - Wrist shot by Brandon Sutter.
8:06 of 1st period - Stopped by Tuukka Rask without a rebound.
8:07 of 1st period - Vincent Lecavalier wins face-off versus Mike Richards in Red Wings zone.
9:02 of 1st period - Snap shot by Kyle Okposo.
9:02 of 1st period - Shot Blocked by Jiri Fischer.
9:08 of 1st period - Zach Bogosian is hit by Nino Niederreiter and loses puck.
9:40 of 1st period - Slapshot by Zach Bogosian.
9:40 of 1st period - Stopped by Tuukka Rask without a rebound.
9:41 of 1st period - Mike Richards wins face-off versus Brandon Sutter in Red Wings zone.
9:47 of 1st period - Off-side.
9:48 of 1st period - Andrei Loktionov wins face-off versus Mike Richards in neutral zone.
10:05 of 1st period - Wrist shot by Evander Kane.
10:05 of 1st period - Deflect By Andrei Loktionov.
10:05 of 1st period - Shot Blocked by Philip Samuelsson.
10:05 of 1st period - Puck is out of play.
10:06 of 1st period - Vincent Lecavalier wins face-off versus Tyler Johnson in Red Wings zone.
10:07 of 1st period - Snap shot by Ilya Kovalchuk.
10:07 of 1st period - Shot Blocked by Theo Peckham.
10:09 of 1st period - Slapshot by Jared Cowen.
10:09 of 1st period - Shot Blocked by Tyler Johnson.
10:11 of 1st period - Slapshot by Vincent Lecavalier.
10:11 of 1st period - Stopped by Tuukka Rask without a rebound.
10:12 of 1st period - Tyler Johnson wins face-off versus Vincent Lecavalier in Red Wings zone.
10:12 of 1st period - Tyler Johnson is hit by Michael Kostka.
10:40 of 1st period - Snap shot by Scottie Upshall.
10:40 of 1st period - Stopped by Tuukka Rask without a rebound.
10:41 of 1st period - Mike Richards wins face-off versus Ryan O'Reilly in Red Wings zone.
10:54 of 1st period - Snap shot by Phil Kessel.
10:54 of 1st period - Stopped by Robin Lehner with a rebound.
10:56 of 1st period - Wrist shot by Ole-Kristian Tollefsen.
10:56 of 1st period - Stopped by Robin Lehner with a rebound.
10:58 of 1st period - Slapshot by Mike Richards.
10:58 of 1st period - Shot Misses the Net.
11:23 of 1st period - Slapshot by Michael Kostka.
11:23 of 1st period - Shot Blocked by Ole-Kristian Tollefsen.
11:25 of 1st period - Snap shot by Michael Kostka.
11:25 of 1st period - Shot Misses the Net.
11:27 of 1st period - Slapshot by Jared Cowen.
11:27 of 1st period - Stopped by Tuukka Rask without a rebound.
11:28 of 1st period - Mike Richards wins face-off versus Andrei Loktionov in Red Wings zone.
11:33 of 1st period - Snap shot by Phil Kessel.
11:33 of 1st period - Stopped by Robin Lehner without a rebound.
11:34 of 1st period - Andrei Loktionov wins face-off versus Mike Richards in Sabres zone.
11:46 of 1st period - Adam Henrique is hit by Kyle Okposo and loses puck.
12:03 of 1st period - Snap shot by Adam Henrique.
12:03 of 1st period - Goal by Adam Henrique - Red Wings : 1 - Sabres : 0.
12:04 of 1st period - Vincent Lecavalier wins face-off versus Tyler Johnson in neutral zone.
13:15 of 1st period - Icing by Nate Thompson.
13:16 of 1st period - Brandon Sutter wins face-off versus Oleg Saprykin in Red Wings zone.
13:29 of 1st period - Snap shot by Nate Thompson.
13:29 of 1st period - Shot Misses the Net.
13:31 of 1st period - Wrist shot by Nate Thompson.
13:31 of 1st period - Goal by Nate Thompson - Red Wings : 2 - Sabres : 0.
13:32 of 1st period - Ilya Kovalchuk wins face-off versus Tyler Johnson in neutral zone.
13:37 of 1st period - Slapshot by Vincent Lecavalier.
13:37 of 1st period - Stopped by Tuukka Rask without a rebound.
13:38 of 1st period - Vincent Lecavalier wins face-off versus Tyler Johnson in Red Wings zone.
13:55 of 1st period - Wrist shot by Rick Nash.
13:55 of 1st period - Stopped by Robin Lehner without a rebound.
13:56 of 1st period - Andrei Loktionov wins face-off versus Phil Kessel in Sabres zone.
14:05 of 1st period - Jared Cowen is hit by Mike Richards and loses puck.
14:22 of 1st period - Wrist shot by Rick Nash.
14:22 of 1st period - Shot Misses the Net.
14:46 of 1st period - Ryan O'Reilly is hit by Nino Niederreiter and loses puck.
15:09 of 1st period - Snap shot by Brad Richardson.
15:09 of 1st period - Shot Blocked by Theo Peckham.
16:15 of 1st period - Snap shot by Alex Picard.
16:15 of 1st period - Stopped by Robin Lehner with a rebound.
16:29 of 1st period - Snap shot by Nate Thompson.
16:29 of 1st period - Shot Misses the Net.
17:09 of 1st period - Wrist shot by Tyler Johnson.
17:09 of 1st period - Goal by Tyler Johnson - Red Wings : 3 - Sabres : 0.
17:10 of 1st period - Andrei Loktionov wins face-off versus Tyler Johnson in neutral zone.
17:13 of 1st period - Tyler Johnson is hit by Kyle Okposo and loses puck.
17:24 of 1st period - Wrist shot by Rick Nash.
17:24 of 1st period - Stopped by Robin Lehner without a rebound.
17:25 of 1st period - Vincent Lecavalier wins face-off versus Mike Richards in Sabres zone.
17:58 of 1st period - Snap shot by Adam Henrique.
17:58 of 1st period - Deflect By Sean Bergenheim.
17:58 of 1st period - Stopped by Robin Lehner with a rebound.
18:28 of 1st period - Snap shot by Alex Picard.
18:28 of 1st period - Deflect By Darcy Hordichuk.
18:28 of 1st period - Shot Misses the Net.
18:28 of 1st period - Puck is out of play.
18:29 of 1st period - Mike Richards wins face-off versus Vincent Lecavalier in Sabres zone.
18:48 of 1st period - Ilya Kovalchuk is hit by Adam Henrique and loses puck.
Goals for this period are 3 for Red Wings vs 0 for Sabres.
Shots for this period are 12 for Red Wings vs 13 for Sabres.

2nd period


0:01 of 2nd period - Vincent Lecavalier wins face-off versus Tyler Johnson in neutral zone.
0:44 of 2nd period - Snap shot by Tyler Johnson.
0:44 of 2nd period - Shot Blocked by Evander Kane.
1:30 of 2nd period - Snap shot by Rick Nash.
1:30 of 2nd period - Goal by Rick Nash - Red Wings : 4 - Sabres : 0.
1:31 of 2nd period - Vincent Lecavalier wins face-off versus Mike Richards in neutral zone.
1:40 of 2nd period - Snap shot by Phil Kessel.
1:40 of 2nd period - Stopped by Robin Lehner with a rebound.
1:46 of 2nd period - Slapshot by Vincent Lecavalier.
1:46 of 2nd period - Shot Misses the Net.
1:56 of 2nd period - Jiri Fischer is hit by Matt Martin and loses puck.
2:21 of 2nd period - Slapshot by Zach Bogosian.
2:21 of 2nd period - Stopped by Tuukka Rask without a rebound.
2:22 of 2nd period - Mike Richards wins face-off versus Vincent Lecavalier in Red Wings zone.
2:22 of 2nd period - Mike Richards is hit by Vincent Lecavalier.
2:30 of 2nd period - Phil Kessel is hit by Ilya Kovalchuk and loses puck.
2:47 of 2nd period - Andrei Loktionov is hit by Filip Kuba and loses puck.
2:52 of 2nd period - Snap shot by Chris Kelly.
2:52 of 2nd period - Deflect By Nino Niederreiter.
2:52 of 2nd period - Stopped by Robin Lehner without a rebound.
2:53 of 2nd period - Chris Kelly wins face-off versus Andrei Loktionov in Sabres zone.
2:56 of 2nd period - Wrist shot by Alex Picard.
2:56 of 2nd period - Stopped by Robin Lehner without a rebound.
2:57 of 2nd period - Mike Richards wins face-off versus Evander Kane in Sabres zone.
3:45 of 2nd period - Icing by Philip Samuelsson.
3:46 of 2nd period - Vincent Lecavalier wins face-off versus Chris Kelly in Red Wings zone.
3:53 of 2nd period - Snap shot by Ilya Kovalchuk.
3:53 of 2nd period - Shot Misses the Net.
4:13 of 2nd period - Wrist shot by Rick Nash.
4:13 of 2nd period - Shot Blocked by Zack Kassian.
4:23 of 2nd period - Slapshot by Zach Bogosian.
4:23 of 2nd period - Stopped by Tuukka Rask without a rebound.
4:24 of 2nd period - Andrei Loktionov wins face-off versus Mike Richards in Red Wings zone.
4:31 of 2nd period - Snap shot by Evander Kane.
4:31 of 2nd period - Stopped by Tuukka Rask without a rebound.
4:32 of 2nd period - Andrei Loktionov wins face-off versus Mike Richards in Red Wings zone.
4:35 of 2nd period - Snap shot by Kyle Okposo.
4:35 of 2nd period - Stopped by Tuukka Rask without a rebound.
4:36 of 2nd period - Mike Richards wins face-off versus Vincent Lecavalier in Red Wings zone.
4:45 of 2nd period - Wrist shot by Phil Kessel.
4:45 of 2nd period - Stopped by Robin Lehner without a rebound.
4:46 of 2nd period - Mike Richards wins face-off versus Vincent Lecavalier in Sabres zone.
4:59 of 2nd period - Backhand shot by Adam Henrique.
4:59 of 2nd period - Shot Blocked by Jared Cowen.
5:01 of 2nd period - Slapshot by Phil Kessel.
5:01 of 2nd period - Stopped by Robin Lehner with a rebound.
5:03 of 2nd period - Wrist shot by Phil Kessel.
5:03 of 2nd period - Stopped by Robin Lehner without a rebound.
5:04 of 2nd period - Andrei Loktionov wins face-off versus Tyler Johnson in Sabres zone.
5:31 of 2nd period - Evander Kane is hit by Nino Niederreiter and loses puck.
5:36 of 2nd period - Slapshot by Alex Picard.
5:36 of 2nd period - Shot Misses the Net.
5:38 of 2nd period - Snap shot by Alex Picard.
5:38 of 2nd period - Deflect By Andrei Loktionov.
5:38 of 2nd period - Stopped by Robin Lehner with a rebound.
5:40 of 2nd period - Snap shot by Ole-Kristian Tollefsen.
5:40 of 2nd period - Stopped by Robin Lehner with a rebound.
6:40 of 2nd period - Snap shot by Nate Thompson.
6:40 of 2nd period - Stopped by Robin Lehner without a rebound.
6:41 of 2nd period - Nate Thompson wins face-off versus Brandon Sutter in Sabres zone.
7:14 of 2nd period - Snap shot by Brandon Sutter.
7:14 of 2nd period - Stopped by Tuukka Rask with a rebound.
7:16 of 2nd period - Slapshot by Michael Kostka.
7:16 of 2nd period - Stopped by Tuukka Rask with a rebound.
7:18 of 2nd period - Slapshot by Brandon Sutter.
7:18 of 2nd period - Goal by Brandon Sutter - Red Wings : 4 - Sabres : 1.
7:19 of 2nd period - Vincent Lecavalier wins face-off versus Mike Richards in neutral zone.
7:22 of 2nd period - Slapshot by Jared Cowen.
7:22 of 2nd period - Shot Misses the Net.
7:43 of 2nd period - Icing by Michael Kostka.
7:44 of 2nd period - Vincent Lecavalier wins face-off versus Tyler Johnson in Sabres zone.
8:08 of 2nd period - Evander Kane is hit by Rick Nash and loses puck.
8:17 of 2nd period - Slapshot by Zach Bogosian.
8:17 of 2nd period - Shot Misses the Net.
8:48 of 2nd period - Wrist shot by Tyler Johnson.
8:48 of 2nd period - Stopped by Robin Lehner with a rebound.
9:32 of 2nd period - Sean Bergenheim is hit by Andrei Loktionov and loses puck.
9:45 of 2nd period - Slapshot by Tyler Johnson.
9:45 of 2nd period - Stopped by Robin Lehner with a rebound.
9:47 of 2nd period - Slapshot by Brent Seabrook.
9:47 of 2nd period - Shot Blocked by Andrei Loktionov.
10:19 of 2nd period - Snap shot by Rick Nash.
10:19 of 2nd period - Shot Misses the Net.
10:21 of 2nd period - Slapshot by Brent Seabrook.
10:21 of 2nd period - Shot Misses the Net.
10:23 of 2nd period - Slapshot by Jiri Fischer.
10:23 of 2nd period - Shot Misses the Net.
10:31 of 2nd period - Wrist shot by Sean Bergenheim.
10:31 of 2nd period - Goal by Sean Bergenheim - Red Wings : 5 - Sabres : 1.
10:31 of 2nd period - Jonas Hiller enters game.
10:32 of 2nd period - Vincent Lecavalier wins face-off versus Mike Richards in neutral zone.
10:34 of 2nd period - Minor Penalty to Zack Kassian for Tripping.
10:35 of 2nd period - Nino Niederreiter wins face-off versus Ilya Kovalchuk in Sabres zone.
11:19 of 2nd period - Chris Kelly is hit by Darcy Hordichuk and loses puck.
11:24 of 2nd period - Slapshot by Vincent Lecavalier.
11:24 of 2nd period - Stopped by Tuukka Rask with a rebound.
11:26 of 2nd period - Wrist shot by Vincent Lecavalier.
11:26 of 2nd period - Shot Misses the Net.
11:28 of 2nd period - Snap shot by Vincent Lecavalier.
11:28 of 2nd period - Shot Hit the Post.
12:34 of 2nd period - Penalty to Zack Kassian is over, Zack Kassian is back on ice.
12:36 of 2nd period - Off-side.
12:37 of 2nd period - Nate Thompson wins face-off versus Ryan O'Reilly in neutral zone.
12:44 of 2nd period - Snap shot by Nate Thompson.
12:44 of 2nd period - Deflect By Scottie Upshall.
12:44 of 2nd period - Shot Blocked by Scottie Upshall.
12:44 of 2nd period - Puck is out of play.
12:45 of 2nd period - Nate Thompson wins face-off versus Ryan O'Reilly in Sabres zone.
12:52 of 2nd period - Wrist shot by Matt Martin.
12:52 of 2nd period - Stopped by Tuukka Rask without a rebound.
12:53 of 2nd period - Vincent Lecavalier wins face-off versus Mike Richards in Red Wings zone.
13:18 of 2nd period - Ole-Kristian Tollefsen is hit by Darcy Hordichuk and loses puck.
14:09 of 2nd period - Slapshot by Brad Richardson.
14:09 of 2nd period - Shot Misses the Net.
14:11 of 2nd period - Wrist shot by Brandon Sutter.
14:11 of 2nd period - Stopped by Tuukka Rask with a rebound.
14:17 of 2nd period - Slapshot by Darcy Hordichuk.
14:17 of 2nd period - Goal by Darcy Hordichuk - Red Wings : 5 - Sabres : 2.
14:18 of 2nd period - Vincent Lecavalier wins face-off versus Chris Kelly in neutral zone.
15:02 of 2nd period - Tyler Johnson is hit by Matt Martin and loses puck.
15:13 of 2nd period - Wrist shot by Ryan O'Reilly.
15:13 of 2nd period - Stopped by Tuukka Rask with a rebound.
15:15 of 2nd period - Snap shot by Matt Martin.
15:15 of 2nd period - Shot Blocked by Filip Kuba.
15:17 of 2nd period - Wrist shot by Matt Martin.
15:17 of 2nd period - Stopped by Tuukka Rask without a rebound.
15:18 of 2nd period - Chris Kelly wins face-off versus Vincent Lecavalier in Red Wings zone.
15:18 of 2nd period - Chris Kelly is hit by Vincent Lecavalier.
15:28 of 2nd period - Nino Niederreiter is hit by Vincent Lecavalier and loses puck.
16:59 of 2nd period - Off-side.
17:00 of 2nd period - Vincent Lecavalier wins face-off versus Mike Richards in neutral zone.
17:25 of 2nd period - Jared Cowen is hit by Alex Picard and loses puck.
17:48 of 2nd period - Snap shot by Evander Kane.
17:48 of 2nd period - Shot Hit the Post.
17:54 of 2nd period - Matt Martin is hit by Rick Nash and loses puck.
18:18 of 2nd period - Snap shot by Zack Kassian.
18:18 of 2nd period - Goal by Zack Kassian - Red Wings : 5 - Sabres : 3.
18:19 of 2nd period - Vincent Lecavalier wins face-off versus Mike Richards in neutral zone.
18:26 of 2nd period - Snap shot by Zack Kassian.
18:26 of 2nd period - Goal by Zack Kassian - Red Wings : 5 - Sabres : 4.
18:27 of 2nd period - Mike Richards wins face-off versus Zack Kassian in neutral zone.
19:12 of 2nd period - Icing by Scottie Upshall.
19:13 of 2nd period - Brandon Sutter wins face-off versus Rick Nash in Sabres zone.
19:44 of 2nd period - Filip Kuba is hit by Darcy Hordichuk and loses puck.
Goals for this period are 2 for Red Wings vs 4 for Sabres.
Shots for this period are 13 for Red Wings vs 15 for Sabres.

3rd period


0:01 of 3rd period - Zack Kassian wins face-off versus Mike Richards in neutral zone.
0:04 of 3rd period - Mike Richards is hit by Vincent Lecavalier.
0:08 of 3rd period - Snap shot by Adam Henrique.
0:08 of 3rd period - Stopped by Jonas Hiller without a rebound.
0:09 of 3rd period - Mike Richards wins face-off versus Vincent Lecavalier in Sabres zone.
0:10 of 3rd period - Snap shot by Adam Henrique.
0:10 of 3rd period - Shot Blocked by Jared Cowen.
0:16 of 3rd period - Snap shot by Adam Henrique.
0:16 of 3rd period - Shot Misses the Net.
0:18 of 3rd period - Wrist shot by Adam Henrique.
0:18 of 3rd period - Stopped by Jonas Hiller with a rebound.
0:20 of 3rd period - Wrist shot by Adam Henrique.
0:20 of 3rd period - Shot Misses the Net.
0:22 of 3rd period - Slapshot by Philip Samuelsson.
0:22 of 3rd period - Shot Blocked by Jared Cowen.
0:24 of 3rd period - Wrist shot by Adam Henrique.
0:24 of 3rd period - Stopped by Jonas Hiller with a rebound.
0:34 of 3rd period - Snap shot by Phil Kessel.
0:34 of 3rd period - Stopped by Jonas Hiller with a rebound.
0:36 of 3rd period - Slapshot by Ole-Kristian Tollefsen.
0:36 of 3rd period - Stopped by Jonas Hiller without a rebound.
0:37 of 3rd period - Chris Kelly wins face-off versus Andrei Loktionov in Sabres zone.
0:45 of 3rd period - Minor Penalty to Evander Kane for Holding.
0:46 of 3rd period - Brandon Sutter wins face-off versus Mike Richards in Sabres zone.
1:25 of 3rd period - Snap shot by Adam Henrique.
1:25 of 3rd period - Stopped by Jonas Hiller without a rebound.
1:26 of 3rd period - Vincent Lecavalier wins face-off versus Mike Richards in Sabres zone.
2:24 of 3rd period - Adam Henrique is hit by Ilya Kovalchuk and loses puck.
2:45 of 3rd period - Penalty to Evander Kane is over, Evander Kane is back on ice.
2:57 of 3rd period - Snap shot by Alex Picard.
2:57 of 3rd period - Stopped by Jonas Hiller with a rebound.
3:13 of 3rd period - Wrist shot by Ales Hemsky.
3:13 of 3rd period - Shot Misses the Net.
3:15 of 3rd period - Slapshot by Filip Kuba.
3:15 of 3rd period - Stopped by Jonas Hiller with a rebound.
3:17 of 3rd period - Snap shot by Nate Thompson.
3:17 of 3rd period - Shot Misses the Net.
3:29 of 3rd period - Slapshot by Jordan Leopold.
3:29 of 3rd period - Shot Misses the Net.
3:43 of 3rd period - Snap shot by Rick Nash.
3:43 of 3rd period - Stopped by Jonas Hiller without a rebound.
3:44 of 3rd period - Vincent Lecavalier wins face-off versus Tyler Johnson in Sabres zone.
4:09 of 3rd period - Wrist shot by Andrei Loktionov.
4:09 of 3rd period - Deflect By Sean Bergenheim.
4:09 of 3rd period - Shot Blocked by Theo Peckham.
4:09 of 3rd period - Puck is out of play.
4:10 of 3rd period - Andrei Loktionov wins face-off versus Mike Richards in Red Wings zone.
4:25 of 3rd period - Snap shot by Mike Richards.
4:25 of 3rd period - Goal by Mike Richards - Red Wings : 6 - Sabres : 4.
4:26 of 3rd period - Vincent Lecavalier wins face-off versus Mike Richards in neutral zone.
4:51 of 3rd period - Sean Bergenheim is hit by Andrei Loktionov.
5:15 of 3rd period - Snap shot by Ryan O'Reilly.
5:15 of 3rd period - Shot Misses the Net.
5:17 of 3rd period - Wrist shot by Matt Martin.
5:17 of 3rd period - Shot Blocked by Jiri Fischer.
5:19 of 3rd period - Slapshot by Matt Martin.
5:19 of 3rd period - Shot Misses the Net.
5:52 of 3rd period - Icing by Brandon Sutter.
5:53 of 3rd period - Mike Richards wins face-off versus Brandon Sutter in Sabres zone.
6:07 of 3rd period - Icing by Adam Henrique.
6:08 of 3rd period - Vincent Lecavalier wins face-off versus Mike Richards in Red Wings zone.
6:13 of 3rd period - Wrist shot by Ilya Kovalchuk.
6:13 of 3rd period - Stopped by Tuukka Rask with a rebound.
6:15 of 3rd period - Wrist shot by Ilya Kovalchuk.
6:15 of 3rd period - Shot Misses the Net.
6:17 of 3rd period - Snap shot by Ilya Kovalchuk.
6:17 of 3rd period - Stopped by Tuukka Rask with a rebound.
6:38 of 3rd period - Off-side.
6:39 of 3rd period - Andrei Loktionov wins face-off versus Tyler Johnson in neutral zone.
7:30 of 3rd period - Matt Martin is hit by Mike Richards and loses puck.
7:46 of 3rd period - Icing by Matt Martin.
7:47 of 3rd period - Ryan O'Reilly wins face-off versus Nate Thompson in Sabres zone.
8:21 of 3rd period - Slapshot by Ilya Kovalchuk.
8:21 of 3rd period - Stopped by Tuukka Rask with a rebound.
8:51 of 3rd period - Wrist shot by Rick Nash.
8:51 of 3rd period - Goal by Rick Nash - Red Wings : 7 - Sabres : 4.
8:52 of 3rd period - Mike Richards wins face-off versus Vincent Lecavalier in neutral zone.
8:57 of 3rd period - Slapshot by Mike Richards.
8:57 of 3rd period - Shot Misses the Net.
9:05 of 3rd period - Slapshot by Phil Kessel.
9:05 of 3rd period - Stopped by Jonas Hiller with a rebound.
9:07 of 3rd period - Slapshot by Theo Peckham.
9:07 of 3rd period - Stopped by Jonas Hiller without a rebound.
9:08 of 3rd period - Andrei Loktionov wins face-off versus Tyler Johnson in Sabres zone.
9:36 of 3rd period - Vincent Lecavalier is hit by Adam Henrique and loses puck.
10:43 of 3rd period - Wrist shot by Nate Thompson.
10:43 of 3rd period - Stopped by Jonas Hiller with a rebound.
11:16 of 3rd period - Minor Penalty to Mike Richards for Hooking.
11:17 of 3rd period - Andrei Loktionov wins face-off versus Tyler Johnson in Red Wings zone.
13:14 of 3rd period - Jared Cowen is hit by Jiri Fischer and loses puck.
13:16 of 3rd period - Penalty to Mike Richards is over, Mike Richards is back on ice.
13:46 of 3rd period - Off-side.
13:47 of 3rd period - Chris Kelly wins face-off versus Matt Martin in neutral zone.
13:53 of 3rd period - Minor Penalty to Matt Martin for Holding.
13:54 of 3rd period - Brandon Sutter wins face-off versus Mike Richards in Sabres zone.
14:04 of 3rd period - Slapshot by Ole-Kristian Tollefsen.
14:04 of 3rd period - Stopped by Jonas Hiller without a rebound.
14:05 of 3rd period - Mike Richards wins face-off versus Brandon Sutter in Sabres zone.
15:04 of 3rd period - Sean Bergenheim is hit by Rob Scuderi and loses puck.
15:53 of 3rd period - Penalty to Matt Martin is over, Matt Martin is back on ice.
16:21 of 3rd period - Zack Kassian is hit by Nate Thompson and loses puck.
17:07 of 3rd period - Nino Niederreiter is hit by Ryan O'Reilly and loses puck.
17:14 of 3rd period - Wrist shot by Ryan O'Reilly.
17:14 of 3rd period - Shot Misses the Net.
17:36 of 3rd period - Slapshot by Jakub Kindl.
17:36 of 3rd period - Shot Blocked by Brent Seabrook.
17:53 of 3rd period - Tyler Johnson is hit by Kyle Okposo and loses puck.
18:10 of 3rd period - Ryan O'Reilly is hit by Filip Kuba and loses puck.
18:25 of 3rd period - Minor Penalty to Scottie Upshall for Roughing.
18:26 of 3rd period - Mike Richards wins face-off versus Brandon Sutter in Sabres zone.
18:43 of 3rd period - Wrist shot by Rick Nash.
18:43 of 3rd period - Stopped by Jonas Hiller with a rebound.
18:53 of 3rd period - Ilya Kovalchuk is hit by Phil Kessel and loses puck.
Goals for this period are 2 for Red Wings vs 0 for Sabres.
Shots for this period are 16 for Red Wings vs 3 for Sabres.